[Event "*** Titled Tuesday Blitz"]
[Site "Chess.com"]
[Date "2018.01.02"]
[Round "3"]
[White "GremioPrudente"]
[Black "arna"]
[Result "1/2-1/2"]
[WhiteElo "2047"]
[BlackElo "2107"]
[TimeControl "180+2"]
[EndTime "13:40:08 PST"]
[Termination "Game drawn by repetition"]

1. Nf3 d5 2. d4 Nf6 3. c4 c6 4.
e3 e6 5. Nbd2 c5 6. cxd5 exd5 7.
Bb5+ Bd7 8. Qa4 c4 9. Ne5 a6 10. Bxd7+ Nbxd7 11. Nxd7 Qxd7 12. Qxd7+ Kxd7 13. O-O Bd6 14. Nf3 Rhe8 15. Bd2 b5 16. Rfc1 Ne4 17. Be1 f6 18.
Nd2 Ng5 19. h4 Ne6 20. Nf3 Rec8 21. g3 b4 22. Kf1 a5 23. Ke2 Nc7 24. Nd2 Nb5 25. Nb1 a4 26. Kd1 Rc7 27. Ke2 Rb8 28.
Kd1 Re8 29. a3 c3 30. axb4 cxb2 31. Rxc7+ Bxc7 32. Rxa4 Rb8 33. Kc2 Nd6 34. Kxb2 Ne4 35. Nc3 Nxc3 36. Bxc3 Kc6 37. Kb3 Rb7 38. Ra6+ Kd7 39.
Ra4 Kc6 40. Ra6+ Kd7 41. Ra8 Bd6 42. Ra6 h5 43. Ra4 Kc6 44. Ra6+ Kd7 45. Ra4 g5 46. hxg5 fxg5 47. Ra6 h4 48. gxh4 gxh4 49. Ra1 h3 50. Rh1 h2 51. f4 Kc6 52. Rxh2 Re7 53.
Rh3 Kb5 54. Kc2 Kc4 55. Kd2 Rg7 56. Rh2 Rg3 57. Rf2 Be7 58. f5 Bg5 59. Re2 Rf3 60.
b5 Bd8 61. Kc2 Bc7 62. Kd2 Bb6 63. Kc2 Bc7 64. Kd2 Bb6 65. Kc2 Bc7 1/2-1/2

[Event "*** Titled Tuesday Blitz"]
[Site "Chess.com"]
[Date "2018.01.02"]
[Round "3"]
[White "Andrejs_Sokolov"]
[Black "GrigorGrigorov"]
[Result "1/2-1/2"]
[WhiteElo "2618"]
[BlackElo "2606"]
[TimeControl "180+2"]
[EndTime "13:40:11 PST"]
[Termination "Game drawn by agreement"]

1. d4 Nf6 2. Nf3 e6 3. g3 b6 4. Bg2 Bb7 5. O-O Be7 6. c4 O-O 7. Nc3 Ne4 8. Qc2 Nxc3 9. bxc3 f5 10. d5 Na6 11. Nd4 Nc5 12. Rd1 exd5 13. Nxf5 Bf6 14. cxd5 Bxc3 15. Nh6+ gxh6 16. Qxc3 Qf6 17. Bb2 Qxc3 18.
Bxc3 Rae8 19. e3 d6 20. Rd4 Bc8 21. e4 Rf7 22. f3 a5 23. Re1 Ba6 24. Re3 Bb5 25. f4 Rfe7 26. e5 dxe5 27. fxe5 Rxe5 28. Rxe5 Rxe5 29. d6 cxd6 30. Rxd6 Re3 31. Bf6 Re1+ 32. Kf2 Re2+ 33. Kg1 Re1+ 34. Kf2 Ne4+ 35. Bxe4 Rxe4 36.
Rxb6 Bc4 37. a3 Kf7 38. Bc3 Re2+ 39. Kf3 Rxh2 40. Bxa5 Bd5+ 41. Kf4 Be6 42. Bc3 Rf2+ 43. Ke3 Rc2 44. Bb4 Ra2 45. Rb7+ Kg6 46. Kf4 Ra1 47. Rb6 Kf7 48. Rb7+ Kg6 49. Ra7 Rf1+ 50. Ke5 Bb3 51.
Bc3 Rf5+ 52. Kd6 Rf3 53. Rg7+ Kf5 54. Bd4 Ke4 55. Bb2 Rf2 56. Bc3 Rf3 57. Bb2 Rf7 58. Rxf7 Bxf7 59. Be5 h5 60. Bf6 Be8 61. Kc5 Kf5 62.
Bh4 Ke6 63. Kb4 Kd5 64. a4 Kc6 65. a5 Kb7 66. Bg5 Bd7 67. Bd2 Bg4 68. Be1 1/2-1/2

[Event "*** Titled Tuesday Blitz"]
[Site "Chess.com"]
[Date "2018.01.02"]
[Round "3"]
[White "evgenysharapov"]
[Black "SmoothAsAHedgehog"]
[Result "1/2-1/2"]
[WhiteElo "2364"]
[BlackElo "2516"]
[TimeControl "180+2"]
[EndTime "13:40:15 PST"]
[Termination "Game drawn by stalemate"]

1. e4 c6 2. d4 d5 3. Nc3 dxe4 4. Nxe4 Nd7 5. Nf3 Ngf6 6. Nxf6+ Nxf6 7. Bc4 Bf5 8. O-O e6 9. h3 Be7 10. Qe2 O-O 11.
c3 Rc8 12. Ne5 c5 13. dxc5 Bxc5 14. g4 Bg6 15. h4 Bd6 16. h5 Bxe5 17. hxg6 hxg6 18.
Bxe6 Re8 19. Qxe5 Rxe6 20. Qg3 Re4 21. f3 Re2 22. Bg5 Qb6+ 23. Rf2 Qxb2 24. Raf1 Rce8 25. Rxe2 Rxe2 26. Qb8+ Kh7 27. Qg3 Nd5 28. Rf2 Rxf2 29. Qxf2 Qxf2+ 30. Kxf2 Nxc3 31. a3 Nb5 32. Be7 f6 33. Ke3 Kg8 34. a4 Nc7 35. Bc5 a6 36. Bd6 Ne8 37. Bb8 Kf7 38. Kd4 Ke6 39. Kc5 Kd7 40.
Kb6 Kc8 41. Bg3 g5 42. Bh2 g6 43. Bg3 f5 44. Be5 Kd7 45. Kxb7 Ke6 46. Bb8 a5 47. Kb6 Nf6 48. Kxa5 fxg4 49. fxg4 Nxg4 50. Kb6 Ne3 51. Kb5 Kd7 52. a5 Kc8 53. Be5 Nd5 54. Kc5 Ne7 55. a6 g4 56. Bd6 g5 57.
Bxe7 Kb8 58. Kb6 Ka8 59. Bxg5 g3 60. Be3 g2 61. Bg1 Kb8 62. Kc6 Ka8 63. a7 1/2-1/2

[Event "*** Titled Tuesday Blitz"]
[Site "Chess.com"]
[Date "2018.01.02"]
[Round "3"]
[White "plouarzel"]
[Black "temiksmozg"]
[Result "0-1"]
[WhiteElo "2346"]
[BlackElo "2473"]
[TimeControl "180+2"]
[EndTime "13:40:23 PST"]
[Termination "temiksmozg won by checkmate"]

1. e4 e5 2. f4 d5 3. exd5 exf4 4. Nf3 Nf6 5. Nc3 Nxd5 6. Bc4 Be6 7. Nxd5 Bxd5 8. Qe2+ Be7 9. d4 Bxc4 10. Qxc4 Bd6 11. Qb5+ Nd7 12. Qxb7 O-O 13. O-O a5 14. Qc6 Rb8 15.
Rb1 Rb6 16. Qc4 g5 17. Bd2 Bb4 18. Qd5 Rd6 19. Qxg5+ Qxg5 20. Nxg5 Bxd2 21. c3 Rg6 22. Nf3 Be3+ 23. Kh1 h6 24. Nh4 Rg5 25. Rbe1 Rh5 26. g3 c5 27. dxc5 Nxc5 28. Kg2 Nd3 29. Re2 Kh7 30. Kf3 Ne5+ 31. Ke4 Ng6 32. Nxg6 fxg6 33.
gxf4 Bc5 34. Rd1 Rf7 35. Rd5 Re7+ 36. Kf3 Rh3+ 37. Kg4 Rxe2 38. Kxh3 Be7 39. Rd7 Kg7 40. a4 Kf8 41. Rb7 Kf7 42. b4 Ra2 43. bxa5 Rxa4 44.
Rb5 Ra3 45. Kg2 Rxc3 46. a6 Ra3 47. Rb6 Ra4 48. Kf3 Bc5 49. Rc6 Bg1 50. h4 h5 51. f5 gxf5 52. Rh6 Bh2 53. Rxh5 Kg6 54. Rg5+ Kf6 55. Rg2 Be5 56. h5 Ra3+ 57. Ke2 f4 58.
Rg6+ Kf5 59. Rg8 Ke4 60. Re8 f3+ 61. Kf1 Rxa6 62. Kf2 Ra2+ 63. Kf1 Rh2 64. h6 Rxh6 65. Ra8 Bd4 66. Ra4 Rh1# 0-1

[Event "*** Titled Tuesday Blitz"]
[Site "Chess.com"]
[Date "2018.01.02"]
[Round "3"]
[White "Adham_Fawzy"]
[Black "Iball95"]
[Result "1-0"]
[WhiteElo "2408"]
[BlackElo "2581"]
[TimeControl "180+2"]
[EndTime "13:40:29 PST"]
[Termination "Adham_Fawzy won by checkmate"]

1. e4 c5 2. Nf3 g6 3. c4 Nc6 4. d4 cxd4 5. Nxd4 Nf6 6. Nc3 d6 7. Be2 Nxd4 8. Qxd4 Bg7 9. Be3 O-O 10. Qd2 Qa5 11.
f3 Be6 12. Rc1 Rfc8 13. b3 a6 14. a4 Qb4 15. Nd5 Qxd2+ 16. Kxd2 Bxd5 17. cxd5 Nd7 18. b4 Bb2 19. Rc2 Rxc2+ 20. Kxc2 Be5 21. Kb3 Rc8 22. Bd2 Kg7 23. a5 e6 24. Bc4 Kf6 25. f4 Bd4 26.
Rf1 Ke7 27. Rd1 e5 28. Bc1 h5 29. g3 Nf6 30. fxe5 Bxe5 31. Bg5 Kf8 32. Re1 Ng4 33. Re2 f6 34. Bf4 g5 35. Bd2 Bd4 36. Bd3 Ke7 37. Be1 Ne5 38. Bb1 Rc1 39. Bc2 Nf3 40.
Bc3 Bxc3 41. Kxc3 Rh1 42. Re3 Nxh2 43. Kd4 Ng4 44. Rc3 Kd8 45. Ba4 Ra1 46. Bc2 Rc1 47. Kc4 Ne5+ 48. Kb3 Rg1 49. Ka4 Kd7 50. b5 Ra1+ 51. Kb4 Kd8 52. bxa6 bxa6 53. Bb3 Rb1 54. Ka3 Re1 55. Bc2 Re2 56. Kb2 Nd7 57. Rc6 h4 58. gxh4 gxh4 59. Kc3 h3 60. Rxa6 h2 61. Ra8+ Kc7 62. Rh8 Ne5 63. Rh7+ Kb8 64. a6 Ng4 65. Ba4 Re3+ 66. Kb2 Re2+ 67. Ka3 Re3+ 68. Kb2 Re2+ 69. Kc1 Re1+ 70. Kd2 Ra1 71. a7+ Ka8 72. Bc6# 1-0

[Event "*** Titled Tuesday Blitz"]
[Site "Chess.com"]
[Date "2018.01.02"]
[Round "3"]
[White "capatl"]
[Black "Bryakin_Mikhail"]
[Result "1-0"]
[WhiteElo "2389"]
[BlackElo "2526"]
[TimeControl "180+2"]
[EndTime "13:40:34 PST"]
[Termination "capatl won by resignation"]

1. c4 Nf6 2. Nc3 c5 3. Nf3 e6 4. d4 cxd4 5. Nxd4 b6 6. e4 d6 7. Bd3 Bb7 8. O-O Be7 9. Qe2 Nbd7 10. f3 a6 11. Be3 Qc7 12. Rac1 Rc8 13. b3 O-O 14.
Qf2 Qb8 15. Rfd1 Bd8 16. Bb1 Bc7 17. g3 Qa8 18. Nde2 d5 19. cxd5 exd5 20. exd5 Nxd5 21. Nxd5 Bxd5 22. Nf4 Bxf4 23. Bxf4 Rxc1 24. Bxc1 Ne5 25.
f4 Ng4 26. Qc2 f5 27. Bb2 Be4 28. Qc3 Nf6 29. Bxe4 Qxe4 30. Qc4+ Qxc4 31. bxc4 Ne4 32. Rd7 Rf7 33. Rd8+ Rf8 34. Rd7 Rf7 35. Rd8+ Rf8 36. Rd7 Rf7 37. Rd5 h6 38. Be5 Kh7 39. Rd8 Rb7 40.
Kg2 b5 41. cxb5 axb5 42. Ra8 Kg6 43. Ra6+ Kh7 44. Kh3 Rd7 45. Kh4 Rd2 46. h3 Rd7 47. Rb6 Nf2 48. Rxb5 Rd1 49. Rb7 Rh1 50. Rxg7+ Kh8 51.
Rg6+ Kh7 52. Rg7+ Kh8 53. Kh5 Rxh3+ 54. Kg6 Rxg3+ 55. Kxh6 Rxg7 56. Bxg7+ Kg8 57. Kg6 Nd3 58. Bh6 Nb4 59. a4 Na6 60. a5 Nb4 61. Bg7 Na6 62.
Be5 Nb4 63. Kxf5 Kf7 64. Ke4 Ke6 65. Bd4 Kd6 66. f5 Nc6 67. Bb6 Ne7 68. a6 Nxf5 69.
Kxf5 Kc6 70. Ba5 Kb5 71. a7 1-0

[Event "*** Titled Tuesday Blitz"]
[Site "Chess.com"]
[Date "2018.01.02"]
[Round "3"]
[White "jbj"]
[Black "jposthuma"]
[Result "1-0"]
[WhiteElo "2257"]
[BlackElo "2337"]
[TimeControl "180+2"]
[EndTime "13:40:51 PST"]
[Termination "jbj won by checkmate"]

1. e4 c6 2. d4 d5 3. Nc3 dxe4 4.
Nxe4 Nf6 5. Ng3 h5 6. h4 Bg4 7.
Be2 e6 8. c3 Bd6 9. Bxg4 hxg4 10.
N1e2 Nd5 11. c4 Bb4+ 12. Bd2 Bxd2+ 13. Qxd2 Nb6 14. b3 N8d7 15. Qf4 Rxh4 16. O-O-O g5 17.
Qe3 Qe7 18. Ne4 O-O-O 19. Qxg5 Qa3+ 20. Kb1 Rxh1 21. Rxh1 Nxc4 22. bxc4 Nb6 23. Qc1 Qb4+ 24. Qb2 Qxc4 25. Rc1 Qd3+ 26. Qc2 Qa3 27. Qb3 Qa5 28. Nc5 Qd2 29. Qb2 Qa5 30. Qc3 Qb5+ 31. Qb2 Qa5 32.
Ka1 e5 33. Qc3 Qxc3+ 34. Rxc3 exd4 35. Rd3 Nd5 36. Rxd4 f5 37. Nf4 Nxf4 38. Rxf4 Rd5 39. Ne6 Kd7 40. Ng7 Ke7 41. Nxf5+ Ke6 42. Ne3 Rd2 43.
Nxg4 c5 44. Ne3 b5 45. Kb1 c4 46. g4 c3 47. Rf5 b4 48. Rb5 Rb2+ 49. Kc1 Rxf2 50.
Rxb4 Rxa2 51. Rc4 Ra1+ 52. Kc2 Rg1 53. Rxc3 a5 54. Kd3 Ke5 55. Rc5+ Kf4 56. Rf5+ Kg3 57. Rxa5 Kh4 58. Rh5+ Kg3 59. Ke4 Ra1 60. Rd5 Ra4+ 61. Rd4 Ra5 62. Rd3 Kh4 63. Kf3 Ra8 64. Rd5 Rf8+ 65.
Rf5 Rh8 66. Ng2+ Kh3 67. Rh5+ Rxh5 68. gxh5 Kh2 69. h6 Kg1 70. h7 Kf1 71. Ne3+ Kg1 72. Kg3 Kh1 73. h8=R+ Kg1 74. Ng4 Kf1 75. Rh2 Kg1 76.
Rg2+ Kf1 77. Kf3 Ke1 78. Rf2 Kd1 79. Ke3 Kc1 80. Rd2 Kb1 81. Kd3 Kc1 82. Kc3 Kb1 83. Rc2 Ka1 84. Kb3 Kb1 85. Nh6 Ka1 86. Nf7 Kb1 87. Nh8 Ka1 88. Rc1# 1-0

[Event "*** Titled Tuesday Blitz"]
[Site "Chess.com"]
[Date "2018.01.02"]
[Round "3"]
[White "joppie2"]
[Black "GM_Huschenbeth"]
[Result "1/2-1/2"]
[WhiteElo "2596"]
[BlackElo "2426"]
[TimeControl "180+2"]
[EndTime "13:40:57 PST"]
[Termination "Game drawn - insufficient material"]

1. e4 c5 2. Nf3 d6 3. d4 cxd4 4. Nxd4 Nf6 5. Nc3 a6 6. Be2 e5 7. Nf3 Be7 8. Bg5 Nbd7 9. a4 h6 10. Be3 O-O 11. O-O Ng4 12. Bd2 Ngf6 13. Be3 Ng4 14. Bc1 Ngf6 15. a5 Nc5 16. Nd2 Be6 17. Re1 d5 18. exd5 Nxd5 19. Nde4 Nxe4 20. Nxe4 f5 21.
Ng3 e4 22. Bc4 Qd6 23. b3 Qe5 24. Bb2 Qxb2 25. Bxd5 Qe5 26. c4 Rad8 27. Bxe6+ Qxe6 28. Qh5 Bc5 29. Rad1 Bd4 30. Ne2 Be5 31. Qh4 g5 32. Qh5 Bg7 33. Ng3 Kh7 34. Qh3 Bd4 35. Nxe4 Qg6 36.
Ng3 Rf7 37. Ne2 Bf6 38. Rxd8 Bxd8 39. Nd4 Bxa5 40. Re6 Qg7 41. Qh5 Rd7 42. Nc2 Re7 43. Qe2 Bd8 44. g3 Qf7 45. Re5 Qf6 46. Rxe7+ Qxe7 47. Ne3 Qe4 48. Qd2 Bf6 49. Nd5 Bg7 50. Qd1 Kg6 51. Ne3 Bd4 52. Nd5 b5 53. Qd2 bxc4 54.
bxc4 Qb1+ 55. Kg2 Qe4+ 56. f3 Qe5 57. Qc2 h5 58. h3 Kf7 59. g4 hxg4 60. hxg4 Ke6 61.
gxf5+ Qxf5 62. Nc7+ Kf6 63. Qe2 Qe5 64. Qxe5+ Kxe5 65. Nxa6 Kf4 66. Nc7 Be5 67. Nd5+ Kf5 68.
Kf2 Bd4+ 69. Ke2 g4 70. f4 Bc5 71. Kf1 Ke4 72. Kg2 Kd4 73. Nf6 Kxc4 74. Nxg4 Kd5 75. f5 Ke4 76. Nh6 Bf8 77. f6 Bxh6 78.
f7 Bf8 79. Kg3 Kf5 80. Kf3 Ke6 81. Ke2 Kxf7 1/2-1/2

[Event "*** Titled Tuesday Blitz"]
[Site "Chess.com"]
[Date "2018.01.02"]
[Round "3"]
[White "RaphaeI"]
[Black "grzechu96"]
[Result "0-1"]
[WhiteElo "2491"]
[BlackElo "2452"]
[TimeControl "180+2"]
[EndTime "13:41:19 PST"]
[Termination "grzechu96 won on time"]

1. d4 Nf6 2. c4 g6 3. Nc3 d5 4. cxd5 Nxd5 5. e4 Nxc3 6. bxc3 Bg7 7. Bc4 c5 8. Ne2 Nc6 9. Be3 O-O 10. O-O Qc7 11. Rc1 b6 12. Qd2 Bb7 13. Bh6 Rad8 14. Bxg7 Kxg7 15. Qe3 Na5 16. Bd3 e5 17. d5 c4 18. Bc2 Bc8 19. f4 f6 20. Rf2 Nb7 21.
Rcf1 exf4 22. Nxf4 Qe5 23. h4 Nd6 24. h5 g5 25. Ne2 h6 26. Nd4 Bd7 27. Nf3 Qe7 28. e5 fxe5 29. Qxe5+ Qxe5 30. Nxe5 Rxf2 31. Rxf2 Be8 32.
Nc6 Bxc6 33. dxc6 Rc8 34. Re2 Kf6 35. Rf2+ Ke5 36. Re2+ Kd5 37. Rf2 Kxc6 38. Rf6 Rh8 39. Kf2 b5 40. Ke3 Kd7 41. Kd4 Ke7 42. Rg6 Nf7 43. a4 Rd8+ 44. Kc5 bxa4 45. Bxa4 Rd6 46.
Rg8 Rd2 47. Bc6 Rc2 48. Bd5 Ne5 49. Kd4 Ng4 50. Rg7+ Kf6 51. Rxa7 Rd2+ 52. Kc5 Ke5 53. Re7+ Kf4 54. Re6 Kg3 55. Bf3 Nh2 56. Bc6 Ng4 57.
Kxc4 Kf4 58. Kb3 Kf5 59. Re8 Nf6 60. Rc8 Nxh5 61. Bf3 Nf4 62. c4 Nxg2 63. Kb4 Ne1 64. Bb7 Nd3+ 65. Kb5 Rb2+ 66. Ka6 g4 67. Rf8+ Kg5 68.
Rg8+ Kf4 69. Bd5 Nb4+ 70. Ka5 Nxd5 71. cxd5 Rd2 72. Rd8 g3 73. Kb6 g2 74. Rg8 Kf3 75.
Kc6 h5 76. Rf8+ Ke2 77. Rg8 Kf1 78. Rf8+ Rf2 0-1

[Event "*** Titled Tuesday Blitz"]
[Site "Chess.com"]
[Date "2018.01.02"]
[Round "3"]
[White "krzyzan94"]
[Black "BillieKimbah"]
[Result "0-1"]
[WhiteElo "2606"]
[BlackElo "2723"]
[TimeControl "180+2"]
[EndTime "13:41:30 PST"]
[Termination "BillieKimbah won by resignation"]

1. e4 e5 2. Nf3 Nc6 3. d4 exd4 4. Nxd4 Nf6 5. Nxc6 bxc6 6. e5 Qe7 7. Qe2 Nd5 8. c4 Ba6 9. Nd2 g6 10. Nf3 Bg7 11.
Bg5 Qb4+ 12. Qd2 Qxd2+ 13. Bxd2 Ne7 14. O-O-O O-O-O 15. Bc3 d5 16. exd6 Bxc3 17. bxc3 Rxd6 18. Rxd6 cxd6 19. Bd3 h6 20. Re1 Kd7 21. Kc2 c5 22. h4 f5 23. Ng1 g5 24. Nh3 Rg8 25. hxg5 hxg5 26. g3 Bb7 27. f4 gxf4 28. gxf4 Rg4 29. Rg1 Ke6 30. Be2 Rxg1 31. Nxg1 Ng6 32. Nh3 Bg2 33.
Bh5 Kf6 34. Bxg6 Kxg6 35. Nf2 Kh5 36. Kd2 Kh4 37. Ke3 Kg3 38. Nd1 Bf1 39. Nb2 a6 40.
a3 a5 41. Na4 Bxc4 42. Nb6 Be6 43. Na8 d5 44. Nc7 Bf7 45. Na6 d4+ 46. cxd4 cxd4+ 47. Kxd4 Kxf4 48. Nc5 Kg3 49. Nd3 f4 50. Ne5 Bb3 51. a4 Bxa4 52. Kc5 Bb3 53. Kb5 a4 54. Kb4 Bc2 55. Kc3 Bb3 56. Kb4 Bd1 57. Kc3 Kh3 58. Kb2 Bh5 59. Kc3 Kh4 60. Kb4 Be8 61. Nf3+ Kg4 62. Nd4 Bd7 63. Ka3 Kg5 64. Kb4 Kf6 65.
Kc3 Ke5 66. Nf3+ Ke4 67. Ng5+ Ke3 68. Kb4 Kd4 69. Ka3 Ke5 70. Kb4 Bc6 71. Kc3 Kf5 72. Nh3 f3 73. Nf2 Kf4 74. Nd3+ Kg3 75. Kd2 Bb5 76.
Nc5 a3 77. Kc3 Kf4 78. Ne6+ Kg4 79. Nd4 f2 80. Nc2 a2 81. Kb2 Kf4 0-1

[Event "*** Titled Tuesday Blitz"]
[Site "Chess.com"]
[Date "2018.01.02"]
[Round "3"]
[White "tango_argentino"]
[Black "manubibi"]
[Result "1/2-1/2"]
[WhiteElo "2515"]
[BlackElo "2441"]
[TimeControl "180+2"]
[EndTime "13:42:00 PST"]
[Termination "Game drawn by repetition"]

1. h4 Nf6 2. h5 h6 3. d4 d5 4.
Bf4 c5 5. e3 Nc6 6. c3 Qb6 7.
Qc1 Bf5 8. Nf3 e6 9. Nbd2 Rc8 10. a4 a6 11. Be2 cxd4 12. exd4 Nb4 13. a5 Qd8 14. O-O Nd3 15. Bxd3 Bxd3 16. Re1 Nxh5 17. Bh2 Bd6 18. Bxd6 Qxd6 19. Ne5 Bh7 20. Qd1 Nf6 21. Qb3 Rc7 22. Ra4 O-O 23. Rb4 Qe7 24.
f3 Ne8 25. Rb6 Nd6 26. Qb4 Nb5 27. Qxe7 Rxe7 28. Nb3 h5 29. Nc5 f6 30. Ned7 Rd8 31. Rxb7 Kf7 32. Nb6 Rxb7 33. Nxb7 Rb8 34. Nc5 Nc7 35.
b4 Ke7 36. Kf2 Kd6 37. Rh1 Bg6 38. Rc1 Be8 39. c4 dxc4 40. Nxc4+ Ke7 41. Nb6 Bb5 42. Ne4 Rb7 43. Nc8+ Kd8 44. Ncd6 Rb8 45. Nc5 Ke7 46. Nce4 Nd5 47. Rh1 g6 48. g4 f5 49. Nxb5 fxe4 50. fxe4 Nf6 51. Nc7 Nxg4+ 52. Kg3 Rxb4 53. Ra1 Rxd4 54.
Nxa6 Ne5 55. Nb8 Rb4 56. Na6 Rxe4 57. Nc5 Rc4 58. a6 Nc6 59. a7 Nxa7 60. Rxa7+ Kf6 61. Ra5 Rc3+ 62. Kg2 Rc2+ 63. Kf3 Rc3+ 64. Kf2 Rc4 65. Nd3 g5 66. Ke3 h4 67. Nf2 g4 68. Ne4+ Ke7 69. Ra7+ Kd8 70. Rh7 h3 71. Rh8+ Ke7 72. Rh7+ Kf8 73. Rh4 Rc1 74. Nf2 h2 75. Kf4 Rg1 76. Rxg4 h1=Q 77. Nxh1 Rxh1 78. Ke5 Re1+ 79. Kf6 e5 80.
Ra4 Kg8 81. Kf5 Kg7 82. Re4 Rxe4 83. Kxe4 Kf6 84. Ke3 Ke6 85. Ke4 Kd6 86. Ke3 Ke6 87. Ke4 Kd6 88. Ke3 Kd5 89. Kd3 Ke6 90. Ke4 Kf6 91. Ke3 Kf5 92. Kf3 Ke6 93. Ke4 Kd6 94. Ke3 Kd5 95. Kd3 e4+ 96. Ke3 Ke5 97.
Ke2 Kd4 98. Kd2 Ke5 99. Ke3 Kf5 100. Ke2 Kf4 101. Kf2 Ke5 102. Ke3 Kd5 103. Ke2 Kc4 104. Ke3 Kd5 105. Ke2 Kd4 106. Kd2 e3+ 107. Ke2 Ke4 108. Ke1 Kd3 109. Kd1 Ke4 110. Ke2 Kd4 111. Ke1 Kd3 112. Kd1 Ke4 113. Ke2 Kf4 114. Ke1 Kf3 115. Kf1 Ke4 116. Ke2 Kd4 117. Ke1 Ke4 118. Ke2 Kf4 119. Ke1 Kf3 120. Kf1 Ke4 121. Ke2 1/2-1/2

[Event "*** Titled Tuesday Blitz"]
[Site "Chess.com"]
[Date "2018.01.02"]
[Round "3"]
[White "Msb2"]
[Black "ST-Sandavagur"]
[Result "1/2-1/2"]
[WhiteElo "2737"]
[BlackElo "2527"]
[TimeControl "180+2"]
[EndTime "13:42:34 PST"]
[Termination "Game drawn - insufficient material"]

1. d4 Nf6 2. c4 e6 3. g3 Bb4+ 4. Nd2 O-O 5. Bg2 d5 6. Nf3 Nbd7 7. O-O Re8 8. Qc2 b6 9. a3 Bd6 10. b4 c5 11. bxc5 bxc5 12. cxd5 exd5 13. dxc5 Nxc5 14. Nd4 Ba6 15. N2f3 Rc8 16. Qd1 Nce4 17.
Bb2 Qa5 18. Re1 Nc3 19. Bxc3 Rxc3 20. a4 Bb4 21. Rf1 Rc4 22. Nb5 Bxb5 23. axb5 Qxb5 24. Rxa7 Bc5 25. Ra2 Rce4 26. e3 Rb4 27. Rc2 Bf8 28.
Nd4 Qa4 29. Qd3 Reb8 30. Rfc1 Rb1 31. h3 Rxc1+ 32. Rxc1 Qa3 33. Qxa3 Bxa3 34. Rd1 Bf8 35. Ne2 Rd8 36. Nf4 Bc5 37. Bxd5 Nxd5 38. Rxd5 Rxd5 39. Nxd5 Kf8 40. Kg2 f6 41. g4 Kf7 42. Kf3 Bd6 43. Ke4 Kg6 44. f4 h5 45. Nc3 hxg4 46. hxg4 Bc5 47.
Nd1 Kf7 48. Kd5 Ba7 49. f5 g6 50. e4 gxf5 51. gxf5 Ke7 52. Nc3 Bb8 53. Ne2 Be5 54. Nd4 Kf7 55. Nc6 Ba1 56. Kd6 Bb2 57. Kd7 Kg7 58.
Ke6 Kh6 59. Nb8 Kg5 60. Nd7 Ba1 61. Nf8 Kf4 62. Kd5 Bb2 63. Nd7 Ba1 64. Nc5 Kg5 65. Ke6 Kf4 66. Kd5 Kg5 67. Ne6+ Kg4 68. Ng7 Kf4 69. Ne8 Bb2 70. Nd6 Ba1 71. Nc4 Bc3 72.
Nb6 Ba1 73. Nd7 Bb2 74. Nb8 Bc3 75. Nc6 Bb2 76. Nd8 Bc3 77. Ne6+ Kg4 78. Nf8 Kf4 79. Ng6+ Kg5 80. Ke6 Ba1 81. e5 fxe5 82.
f6 e4 83. f7 Bg7 84. Ne5 e3 85. Nd3 Kg4 86. Kd5 Kf3 87. Ne5+ Kg2 88. Nd3 e2 89. Ke4 Kf1 90. Kf3 e1=Q 91. Nxe1 Kxe1 92. Kf4 Bf8 93. Kf5 Kd2 94. Kg6 Ke3 95. Kh7 Ke4 96. Kg8 Bb4 97.
Kg7 Ke5 98. Kg8 Ke6 99. Kg7 Kf5 100. Kg8 Kf6 101. f8=Q+ Bxf8 1/2-1/2

[Event "*** Titled Tuesday Blitz"]
[Site "Chess.com"]
[Date "2018.01.02"]
[Round "3"]
[White "RobertoJBM"]
[Black "Robert_Chessmood"]
[Result "0-1"]
[WhiteElo "2554"]
[BlackElo "2732"]
[TimeControl "180+2"]
[EndTime "13:43:46 PST"]
[Termination "Robert_Chessmood won on time"]

1. d4 d5 2. c4 c6 3. Nf3 Nf6 4.
Nc3 e6 5. Bg5 h6 6. Bxf6 Qxf6 7.
e3 g6 8. Be2 Bg7 9. O-O O-O 10.
Qc2 dxc4 11. Bxc4 Qd8 12. b4 Nd7 13. Rad1 b6 14. b5 cxb5 15. Bxb5 Bb7 16. Qe2 Rc8 17. Nb1 Qe7 18. Ba6 Nf6 19. Ne5 Rfd8 20. Bxb7 Qxb7 21. Rc1 Ne4 22. Nd3 Rxc1 23. Rxc1 Rc8 24.
Rc2 a5 25. f3 Nd6 26. Nc3 Nf5 27. Nd1 Rc7 28. Ne1 h5 29. Qd3 Bf6 30. g3 Rxc2 31.
Qxc2 b5 32. Kf2 b4 33. Nd3 Kg7 34. Nc5 Qb5 35. Qe2 Nxd4 36. Qxb5 Nxb5 37. Ke2 Bd8 38. Kd3 Nd6 39. Nb2 Bb6 40. Nca4 Ba7 41. e4 g5 42. e5 Nb5 43. Nc4 Bg1 44. h3 Bh2 45. g4 hxg4 46. hxg4 Na3 47. Nxa3 bxa3 48. Ke4 Bg1 49. Nc3 Bc5 50. Nb5 Bb4 51. Nd4 Kf8 52. Nc6 Ke8 53. Kd4 Be1 54. Kc4 Kd7 55. Kb5 Bc3 56. Kc5 Kc7 57. Kb5 Bb2 58. Kc5 Ba1 59.
Kb5 Bc3 60. Kc5 Bd2 61. Kb5 Be1 62. Kc5 Bf2+ 63. Kb5 a4 64. Na5 Bd4 65. Nc4 Bb2 66. Kc5 Kd7 67. Nd6 Ke7 68. Ne4 Bc1 69. Nc3 Bb2 70.
Ne4 Bc1 71. Kc6 Bf4 72. Kb5 Kd7 73. Kc5 Be3+ 74. Kb5 Bf4 75. Kc5 Kc7 76. Nd6 Bxe5 77. Nxf7 Bf4 78. Nh8 Kd7 79. Ng6 Bg3 80. Kd4 Kd6 81.
Ke4 Kc5 82. Kd3 Kd5 83. Ne7+ Kd6 84. Ng6 Bh2 85. Kd4 Bg1+ 86. Kd3 Bh2 87. Kd4 Bg3 88. Ke4 Kc5 89. f4 gxf4 90. Nxf4 e5 91. Ne2 Bh4 92. Kxe5 Kc4 93. Ke4 Bg5 94. Kf5 Bd2 95. Ke4 Bh6 96. Nd4 Kc3 97. Nc6 Bg5 98. Kf5 Kb2 99.
Kxg5 Kxa2 100. Kh6 Kb3 101. Nd4+ Kb2 102. g5 a2 103. g6 a1=Q 104. g7 Qh1+ 105. Kg6 Qg1+ 106. Kf5 Qf2+ 107. Ke6 Qe3+ 108. Kd5 Qg5+ 0-1

[Event "*** Titled Tuesday Blitz"]
[Site "Chess.com"]
[Date "2018.01.02"]
[Round "4"]
[White "jup1978"]
[Black "tteshan"]
[Result "0-1"]
[WhiteElo "2179"]
[BlackElo "2028"]
[TimeControl "180+2"]
[EndTime "13:46:34 PST"]
[Termination "tteshan won by resignation"]

1. Nf3 c5 2. e3 d5 3. d4 cxd4 4. exd4 Bg4 5. Nbd2 Nc6 6. c3 e6 7. h3 Bh5 8. Qa4 Bd6 9. Bb5 Qc7 10. O-O Nf6 11. Ne5 Bxe5 12. dxe5 Nd7 13. f4 Bg6 14. Nf3 O-O 15. Be3 a6 16. Be2 Rac8 17. Rac1 b5 18.
Qxa6 Ra8 19. Qxb5 Rfb8 0-1

[Event "*** Titled Tuesday Blitz"]
[Site "Chess.com"]
[Date "2018.01.02"]
[Round "4"]
[White "ChainsOfFantasia"]
[Black "mishanick"]
[Result "0-1"]
[WhiteElo "2451"]
[BlackElo "2778"]
[TimeControl "180+2"]
[EndTime "13:46:58 PST"]
[Termination "mishanick won by resignation"]

1. d4 Nf6 2. Nf3 d5 3. c4 e6 4. Nc3 Bb4 5. e3 O-O 6. a3 Bxc3+ 7. bxc3 b6 8. cxd5 exd5 9. Bd3 c5 10. O-O Ba6 11. Re1 Bxd3 12. Qxd3 c4 13. Qc2 Re8 14. Ne5 Nbd7 15. Nxd7 Qxd7 16. a4 Re6 17. Bd2 Rae8 18. Reb1 Ne4 19. Bc1 Rg6 20. f3 Ng5 21. Kh1 Qd6 22. a5 Rh6 23. f4 Ne4 24. axb6 axb6 25. Ra6 Qg6 26. Rbxb6 Ng3+ 27. Kg1 Qxc2 0-1

[Event "*** Titled Tuesday Blitz"]
[Site "Chess.com"]
[Date "2018.01.02"]
[Round "4"]
[White "alpasya2009"]
[Black "Frolik67"]
[Result "1-0"]
[WhiteElo "2312"]
[BlackElo "2437"]
[TimeControl "180+2"]
[EndTime "13:47:03 PST"]
[Termination "alpasya2009 won by resignation"]

1. d4 e6 2. c4 f5 3. Nf3 b6 4. g3 Nf6 5. Bg2 Bb7 6. O-O Be7 7. d5 exd5 8. Nd4 O-O 9. Nxf5 c6 10. cxd5 Nxd5 11.
e4 Nc7 12. Qg4 Ne6 13. Re1 Kh8 14. Nc3 Bb4 15. Bf4 Bxc3 16. bxc3 c5 17. Be5 Rf7 18. Nd6 1-0

[Event "*** Titled Tuesday Blitz"]
[Site "Chess.com"]
[Date "2018.01.02"]
[Round "4"]
[White "EndgameGrinder"]
[Black "joppie2"]
[Result "1-0"]
[WhiteElo "2448"]
[BlackElo "2585"]
[TimeControl "180+2"]
[EndTime "13:47:14 PST"]
[Termination "EndgameGrinder won by resignation"]

1. e4 e5 2. Nf3 Nc6 3. d4 exd4 4. Nxd4 Nf6 5. Nxc6 bxc6 6. e5 Nd5 7. c4 Nb6 8. Bd3 d5 9. cxd5 Bd6 10. exd6 O-O 11. O-O Qxd6 12. dxc6 Qxc6 13. Nc3 Rb8 14. Qh5 g6 15.
Qh4 Bb7 16. Be4 Qc4 17. g3 Ba6 18. Bh6 Rfd8 19. Rfd1 Nd7 20. Bg5 f6 21. Bd5+ 1-0

[Event "*** Titled Tuesday Blitz"]
[Site "Chess.com"]
[Date "2018.01.02"]
[Round "4"]
[White "attack2mateU"]
[Black "hermionegrangermagic"]
[Result "0-1"]
[WhiteElo "2605"]
[BlackElo "2434"]
[TimeControl "180+2"]
[EndTime "13:47:18 PST"]
[Termination "hermionegrangermagic won by resignation"]

1. e4 c5 2. Nf3 Nc6 3. d4 cxd4 4. Nxd4 e5 5. Nb5 d6 6. N1c3 a6 7. Na3 b5 8. Nd5 Nge7 9. c4 Nxd5 10. cxd5 Nd4 11. Nc2 Nxc2+ 12. Qxc2 Be7 13. Be2 O-O 14. O-O f5 15. exf5 Bxf5 16. Qb3 Qe8 17. a4 Rb8 18. axb5 axb5 19. Ra7 Bf6 20. Qb4 Rb6 21. Be3 Bd8 22.
Bxb6 Bxb6 23. Rb7 Bc5 24. Qxb5 Qg6 25. b4 Bh3 26. g3 Qe4 0-1

[Event "*** Titled Tuesday Blitz"]
[Site "Chess.com"]
[Date "2018.01.02"]
[Round "4"]
[White "windking123"]
[Black "gkchesstiger"]
[Result "0-1"]
[WhiteElo "2423"]
[BlackElo "2616"]
[TimeControl "180+2"]
[EndTime "13:47:22 PST"]
[Termination "gkchesstiger won by resignation"]

1. Nf3 d5 2. d4 Nf6 3. g3 c6 4. Bg2 Bf5 5. O-O e6 6. c4 h6 7. Nbd2 Be7 8. b3 Nbd7 9. Bb2 a5 10. Ne5 O-O 11. f3 Nxe5 12. dxe5 Nd7 13. e4 dxe4 14. fxe4 Bg6 15. Qe2 Nc5 16. Rad1 Qd3 17. Qxd3 Nxd3 18. Bc3 Bc5+ 19. Kh1 Nf2+ 20. Rxf2 Bxf2 21. Bf3 Rfd8 22.
Kg2 Bd4 23. Bxd4 Rxd4 24. Kf2 Rad8 25. Ke1 Kf8 26. Nf1 Rxd1+ 27. Bxd1 Bxe4 28. Ne3 Ke7 29. Be2 c5 30. Nf1 Bb1 31. a3 Bc2 32. Nd2 b6 33. Bf3 Rd3 34. Be2 Rc3 0-1